 Dungeon Crawl Stone Soup version 0.18.1-48-g4cf74bf (webtiles) character file.

14111 Inkary the Spear-Bearer (level 11, -12/97 HPs)
             Began as a Minotaur Berserker on Sept 4, 2016.
             Was a High Priest of Trog.
             Mangled by a large slime creature (33 damage)
             ... on level 12 of the Dungeon.
             The game lasted 00:21:04 (9470 turns).

Inkary the Spear-Bearer (Minotaur Berserker)        Turns: 9470, Time: 00:21:05

Health: -12/97     AC: 13    Str: 21    XL:     11   Next: 84%
Magic:  10/10      EV: 13    Int:  8    God:    Trog [*****.]
Gold:   868        SH:  0    Dex: 12    Spells: 0 memorised, 10 levels left

rFire  . . .     SeeInvis .     v - +0 spear "Rofeg" {venom, rPois Int+4 Stlth+}
rCold  . . .     Gourm    .     E - +0 chain mail
rNeg   + . .     Faith    +     (no shield)
rPois  +         Spirit   .     (helmet restricted)
rElec  .         Dismiss  .     p - +1 cloak
rCorr  .         Reflect  .     (no gloves)
SustAt .         Harm     .     (no boots)
MR     ++...     Rnd*Rage +     d - amulet of faith
Stlth  ..........               (no ring)
                                D - ring of positive energy

@: regenerating, hasted and slowed, very resistant to hostile enchantments,
extremely unstealthy
A: retaliatory headbutt, horns 2, repulsion field 1, iridescent scales 1,
berserk 1, blurry vision 1, clumsy 1, deformed body, poison resistance,
screaming 1, wild magic 1, MP-powered wands
a: Berserk, Trog's Hand, Brothers in Arms, Burn Spellbooks, Renounce Religion


You were on level 12 of the Dungeon.
You worshipped Trog.
Trog was extremely pleased with you.
You were not hungry.

You visited 2 branches of the dungeon, and saw 13 of its levels.

You collected 868 gold pieces.

Inventory:

Hand Weapons
 v - the +0 spear "Rofeg" (weapon) {venom, rPois Int+4 Stlth+}
   (You found it on level 8 of the Dungeon)

   It poisons the flesh of those it strikes.
   It affects your intelligence (+4).
   It protects you from poison.
   It makes you more stealthy.
 G - a +2 flail of holy wrath
 S - a +4 halberd of flaming
Armour
 p - a +1 cloak (worn)
 q - a troll hide
 E - a +0 chain mail (worn)
Jewellery
 d - an amulet of faith (around neck)
 g - an uncursed amulet of dismissal
 m - an uncursed ring of ice
 D - a ring of positive energy (left hand)
 J - an uncursed amulet of magic regeneration {unknown}
Wands
 u - a wand of confusion (22/48)
 A - a wand of acid (8/15)
 K - a wand of slowing (45/48)
 M - a wand of enslavement (11/24)
 N - a wand of flame (25/48)
 O - a wand of enslavement (15/24)
 P - a wand of confusion (18/48)
 Q - a wand of disintegration (11/24)
Scrolls
 b - 3 scrolls of teleportation
 l - a scroll of enchant armour {unknown}
 o - a scroll of enchant weapon
 w - 2 scrolls of fear
 y - a scroll of fog {unknown}
 z - 4 scrolls of recharging
 B - 2 scrolls of noise {unknown}
 C - 3 scrolls of blinking
 H - a scroll of vulnerability {unknown}
 L - 2 scrolls of magic mapping
Potions
 a - a potion of mutation
 e - a potion of berserk rage {unknown}
 f - 2 potions of lignification
 h - 3 potions of heal wounds
 i - 2 potions of agility
 j - 4 potions of curing
 n - a potion of flight
 s - 2 potions of degeneration {unknown}
 F - 2 potions of might {unknown}
Books
 r - a book of the Tempests

   Spells                             Type                      Level
   a - Static Discharge               Conjuration/Air              3
   b - Lightning Bolt                 Conjuration/Air              5
   c - Fireball                       Conjuration/Fire             5
   d - Tornado                        Air                          9
   e - Shatter                        Earth                        9
   Trog disapproves of the use of such an item.
Comestibles
 c - 8 bread rations
 k - 13 fruits
 x - 10 slices of pizza
 I - 3 meat rations
 R - 8 chunks of flesh


   Skills:
 - Level 9.6 Fighting
 - Level 9.1 Maces & Flails
 * Level 14.6 Polearms
 - Level 9.3 Armour
 - Level 8.1 Dodging


You had 10 spell levels left.
You didn't know any spells.

Dungeon Overview and Level Annotations

Branches:
Dungeon (12/15)            Temple (1/1) D:6            Lair (0/8) D:10
    Orc (0/2) D:12

Altars:
Ashenzari
Cheibriados
Dithmenos
Elyvilon
Fedhas
Gozag
Kikubaaqudgha
Makhleb
Nemelex Xobeh
Okawaru
Pakellas
Qazlal
Ru
Sif Muna
Trog
Vehumet
Xom
Yredelemnul
Zin
The Shining One

Shops:
D:6 (   D:7 [

Portals:
Labyrinth: D:11
Trove: D:10 (give potion of experience)


Innate Abilities, Weirdness & Mutations

You reflexively headbutt those who attack you in melee.
You have a pair of horns on your head.
You are surrounded by a mild repulsion field (EV +2).
You are partially covered in iridescent scales (AC +4).
You tend to lose your temper in combat.
Scrolls take you a little longer to read.
You are clumsy. (Dex -2)
Armour fits poorly on your strangely shaped body.
Your system is resistant to poisons.
You occasionally shout uncontrollably at your foes.
Your spells are a little harder to cast, but a little more powerful.
You expend magic power (3 MP) to strengthen your wands.


Message History

Your headbutt misses the slime creature.
The slime creature is moderately wounded.
The slime creature hits you!
* * * LOW HITPOINT WARNING * * *
Unknown command.
You thump the slime creature!
The slime creature is moderately wounded.
The slime creature hits you.
* * * LOW HITPOINT WARNING * * *
Two slime creatures merge to form a large slime creature.
A slime creature comes into view.
Unknown command.
Wield which item (- for none, * to show all)? (? for menu, Esc to quit)
Your +2 flail of holy wrath stops glowing.
The +0 spear "Rofeg" {venom, rPois Int+4 Stlth+} begins to drip with poison!
v - the +0 spear "Rofeg" (weapon)
{venom, rPois Int+4 Stlth+} The slime creature quivers.
Drink which item? (? for menu, Esc to quit)
You feel yourself speed up. The large slime creature hits you!!
You die... ... ...####### ........# .#####@# ..#.#J# ### #h#nJn#

#..
####.#.################..
+>....................#..
#.#....########...###.#..
.....J.............'......
..###.###########...###.###
#. #...###)###


You could see a large slime creature, 2 slime creatures and a necrophage.

Vanquished Creatures
  A hydra (D:12)
  Erolcha (D:12)
  Erica (D:11)
  3 hill giants
  The ghost of raph the Grave Robber, a novice DDNe of Makhleb (D:7)
  An ugly thing (D:12)
  4 trolls
  Grinder (D:7)
  3 two-headed ogres
  3 slime creatures (D:12)
  Sigmund (D:4)
  A wraith (D:12)
  6 yaks (D:10)
  A steam dragon (D:12)
  2 wargs (D:10)
  2 hungry ghosts
  A mottled dragon (D:12)
  An ice beast (D:10)
  3 orc warriors
  A black bear (D:11)
  3 sky beasts
  3 centaurs
  4 ogres
  2 phantoms
  The ghost of lawna the Insei, an amateur DgTm (D:5)
  9 giant frogs
  3 big kobolds
  2 scorpions
  12 killer bees
  4 wights (D:12)
  8 howler monkeys
  4 giant frog zombies
  A quasit (D:8)
  4 hounds
  8 orc priests
  A gnoll shaman (D:4)
  4 jellies
  24 orc wizards
  A giant frog skeleton (D:6)
  Crazy Yiuf (D:4)
  Jessica (D:2)
  5 iguanas
  9 worker ants
  A hound zombie (D:11)
  A hound skeleton (D:5)
  A worker ant zombie (D:5)
  5 gnolls (D:4)
  7 adders
  A howler monkey skeleton (D:6)
  A shadow imp (D:5)
  2 adder zombies
  5 worms
  3 dart slugs
  5 giant geckos
  41 orcs
  2 ball pythons
  5 bats
  9 giant cockroaches
  3 goblins
  3 hobgoblins
  3 jackals (D:8)
  5 quokkas
  6 giant newts
  A jackal skeleton (D:4)
  17 kobolds
  A quokka zombie (D:10)
  12 rats
  A bush (D:6)
293 creatures vanquished.

Vanquished Creatures (others)
  An orc warrior (D:8)
  An orc priest (D:8)
  An orc wizard (D:8)
3 creatures vanquished.

Grand Total: 296 creatures vanquished

Notes
Turn   | Place    | Note
--------------------------------------------------------------
     0 | D:1      | Inkary the Minotaur Berserker began the quest for the Orb.
     0 | D:1      | Reached XP level 1. HP: 19/19 MP: 0/0
   504 | D:1      | Reached XP level 2. HP: 27/27 MP: 1/1
   746 | D:2      | Reached XP level 3. HP: 21/33 MP: 2/2
   847 | D:2      | Found a snail-covered altar of Cheibriados.
  1035 | D:2      | Reached ** piety under Trog
  1070 | D:2      | Found a deep blue altar of Sif Muna.
  1182 | D:2      | Noticed Jessica
  1192 | D:2      | Killed Jessica
  1192 | D:2      | Reached XP level 4. HP: 38/40 MP: 3/3
  1949 | D:3      | Noticed a giant frog
  1953 | D:3      | Killed a giant frog
  1953 | D:3      | Reached XP level 5. HP: 46/47 MP: 4/4
  2037 | D:3      | Reached skill level 5 in Fighting
  2084 | D:3      | Reached *** piety under Trog
  2366 | D:4      | Noticed Sigmund
  2375 | D:4      | Killed Sigmund
  2375 | D:4      | Reached skill level 5 in Maces & Flails
  2375 | D:4      | Reached skill level 5 in Armour
  2375 | D:4      | Reached XP level 6. HP: 56/56 MP: 5/5
  2448 | D:4      | Noticed Crazy Yiuf
  2454 | D:4      | Killed Crazy Yiuf
  2513 | D:4      | Reached XP level 7. HP: 14/62 MP: 6/6
  2955 | D:4      | Reached skill level 5 in Dodging
  3212 | D:5      | Entered Level 5 of the Dungeon
  3238 | D:5      | Reached XP level 8. HP: 67/71 MP: 7/7
  3250 | D:5      | Gained mutation: Scrolls take you a little longer to read. [mutagenic meat]
  3251 | D:5      | Gained mutation: You are clumsy. (Dex -2) [mutagenic meat]
  3252 | D:5      | Gained mutation: Your body sometimes deteriorates upon taking damage. [mutagenic meat]
  3331 | D:5      | Noticed lawna's ghost (amateur DgTm)
  3336 | D:5      | Killed lawna's ghost
  3564 | D:5      | Received a gift from Trog
  3703 | D:6      | Found Loevy's Weapon Shoppe.
  3784 | D:6      | Found a blossoming altar of Fedhas.
  3795 | D:6      | Found a staircase to the Ecumenical Temple.
  3841 | Temple   | Entered the Ecumenical Temple
  4304 | D:6      | Lost mutation: You are clumsy. (Dex -2) [mutagenic meat]
  4305 | D:6      | Gained mutation: You expend magic power (3 MP) to strengthen your wands. [mutagenic meat]
  4306 | D:6      | Gained mutation: Your spells are a little harder to cast, but a little more powerful. [mutagenic meat]
  4307 | D:6      | Lost mutation: Your body sometimes deteriorates upon taking damage. [mutagenic meat]
  4308 | D:6      | Gained mutation: You tend to lose your temper in combat. [mutagenic meat]
  4863 | D:7      | Reached XP level 9. HP: 81/81 MP: 8/8
  4883 | D:7      | Found a shadowy altar of Dithmenos.
  4883 | D:7      | Found a basalt altar of Yredelemnul.
  4887 | D:7      | Found a shimmering altar of Xom.
  4896 | D:7      | Found Cauxziy's Armour Shop.
  4898 | D:7      | Noticed an angel
  4919 | D:7      | Found a glowing silver altar of Zin.
  5082 | D:7      | Found a burning altar of Makhleb.
  5135 | D:7      | Noticed Grinder
  5141 | D:7      | Paralysed by Grinder for 6 turns
  5148 | D:7      | Killed Grinder
  5308 | D:7      | Noticed raph's ghost (novice DDNe)
  5480 | D:7      | Killed raph's ghost
  5480 | D:7      | Reached **** piety under Trog
  5727 | D:8      | Got a warped spear
  5728 | D:8      | Identified the +0 spear "Rofeg" {venom, rPois Int+4 Stlth+} (You found it on level 8 of the Dungeon)
  5770 | D:8      | Reached skill level 1 in Polearms
  5797 | D:8      | Reached XP level 10. HP: 47/91 MP: 9/9
  5800 | D:8      | Reached skill level 2 in Polearms
  6007 | D:8      | Found a sparkling altar of Nemelex Xobeh.
  6337 | D:9      | Found a deep blue altar of Sif Muna.
  6353 | D:9      | Reached skill level 3 in Polearms
  6389 | D:9      | Found an iron altar of Okawaru.
  6392 | D:9      | Found a bloodstained altar of Trog.
  6395 | D:9      | Found a white marble altar of Elyvilon.
  6398 | D:9      | Found a stormy altar of Qazlal.
  6546 | D:9      | Reached skill level 4 in Polearms
  6767 | D:9      | Reached ***** piety under Trog
  6862 | D:9      | Gained mutation: You are partially covered in iridescent scales (AC +4). [mutagenic meat]
  6863 | D:9      | Gained mutation: Your system is resistant to poisons. [mutagenic meat]
  6864 | D:9      | Gained mutation: You are surrounded by a mild repulsion field (EV +2). [mutagenic meat]
  6865 | D:9      | Gained mutation: You are clumsy. (Dex -2) [mutagenic meat]
  6866 | D:9      | Gained mutation: You occasionally shout uncontrollably at your foes. [mutagenic meat]
  6867 | D:9      | Gained mutation: Armour fits poorly on your strangely shaped body. [mutagenic meat]
  6941 | D:9      | Reached skill level 5 in Polearms
  7138 | D:9      | Reached skill level 6 in Polearms
  7586 | D:10     | Entered Level 10 of the Dungeon
  7658 | D:10     | Noticed a hill giant
  7666 | D:10     | Killed a hill giant
  7666 | D:10     | Reached skill level 7 in Polearms
  7753 | D:10     | Found a portal to a secret trove of treasure.
  7786 | D:10     | Found a sacrificial altar of Ru.
  7834 | D:10     | Reached skill level 8 in Polearms
  7877 | D:10     | Reached skill level 9 in Polearms
  8095 | D:10     | Noticed a hill giant
  8101 | D:10     | Killed a hill giant
  8101 | D:10     | Reached skill level 10 in Polearms
  8177 | D:10     | Reached XP level 11. HP: 74/97 MP: 10/10
  8309 | D:10     | Found a staircase to the Lair.
  8320 | D:10     | Reached skill level 11 in Polearms
  8591 | D:11     | Noticed a hill giant
  8599 | D:11     | Killed a hill giant
  8855 | D:11     | Noticed Erica
  8866 | D:11     | Killed Erica
  8866 | D:11     | Received a gift from Trog
  8866 | D:11     | Reached skill level 12 in Polearms
  9070 | D:11     | Found a labyrinth entrance.
  9139 | D:12     | Reached skill level 13 in Polearms
  9215 | D:12     | Noticed a green ugly thing
  9226 | D:12     | Killed a green ugly thing
  9255 | D:12     | Noticed Erolcha
  9264 | D:12     | Killed Erolcha
  9284 | D:12     | Found a staircase to the Orcish Mines.
  9313 | D:12     | Reached skill level 14 in Polearms
  9437 | D:12     | Noticed an eight-headed hydra
  9456 | D:12     | Killed a five-headed hydra
  9470 | D:12     | Mangled by a large slime creature

Skill      XL: |  1  2  3  4  5  6  7  8  9 10 11 |
---------------+----------------------------------+-----
Armour         | 3 4 5 6 7 9 |  9.3
Maces & Flails | 4 5 6 7 9 |  9.1
Fighting       | 4 5 6 8 9 |  9.6
Dodging        | 3 4 5 6 7 8 |  8.1
Polearms       | 1 10 14 | 14.6

Action                   |  1- 3 |  4- 6 |  7- 9 | 10-12 || total
-------------------------+-------+-------+-------+-------++-------
Melee: Mace              |    15 |    19 |   280 |       ||   314
       Headbutt          |     4 |    23 |    69 |   111 ||   207
       Whip              |    43 |    63 |       |       ||   106
       Flail             |       |     7 |       |     5 ||    12
       Spear             |       |       |    44 |   503 ||   547
       Halberd           |       |       |       |     9 ||     9
Invok: Trog's Hand       |       |     3 |     7 |     6 ||    16
       Berserk           |       |     3 |     9 |     4 ||    16
  Use: Scroll            |     2 |     3 |     7 |     4 ||    16
       Potion            |       |       |       |     1 ||     1
  Eat: Chunk             |     1 |     6 |    36 |    27 ||    70
       Bread ration      |       |       |     1 |       ||     1
Armor: Animal skin       |     8 |    23 |    20 |       ||    51
       Leather armour    |       |       |    65 |       ||    65
       Chain mail        |       |       |    54 |   145 ||   199
Dodge: Dodged            |    37 |    62 |   250 |   213 ||   562
